 Dungeon Crawl Stone Soup version 0.18-a0-1773-gec4f98e (webtiles) character file.

123 dvd the Shield-Bearer (level 5, 0/46 HPs)
             Began as a Hill Orc Fighter on Apr 14, 2016.
             Slain by Grinder (2 damage)
             ... while paralysed by Grinder
             ... on level 3 of the Dungeon.
             The game lasted 00:03:56 (1991 turns).

dvd the Shield-Bearer (Hill Orc Fighter)            Turns: 1991, Time: 00:03:56

Health: 0/46       AC:  7    Str: 20    XL:     5   Next: 7%
Magic:  0/5        EV:  2    Int:  8    God:
Gold:   59         SH:  0    Dex: 10    Spells: 0 memorised, 4 levels left

rFire  . . .     SeeInvis .     a - +0 war axe
rCold  . . .     Gourm    .     b - +0 scale mail
rNeg   . . .     Faith    .     c - +0 shield
rPois  .         Spirit   +     (no helmet)
rElec  .         Dismiss  .     (no cloak)
rCorr  .         Reflect  .     (no gloves)
SustAt .         Harm     .     (no boots)
MR     .....                    k - amulet of guardian spirit
Stlth  ..........               (no ring)
                                (no ring)

@: paralysed, not resistant to hostile enchantments, extremely unstealthy
A: no striking features
a: no special abilities


You were on level 3 of the Dungeon.
You were not hungry.

You visited 1 branch of the dungeon, and saw 3 of its levels.

You collected 59 gold pieces.

Inventory:

Hand Weapons
 a - a +0 war axe (weapon)
 n - a +0 mace
Armour
 b - a +0 scale mail (worn)
 c - a +0 shield (worn)
 g - a +0 scale mail
Jewellery
 k - an amulet of guardian spirit (around neck)
Scrolls
 e - a scroll of identify {unknown}
 i - a scroll of enchant weapon {unknown}
 j - a scroll of recharging {unknown}
 m - a scroll of immolation {unknown}
 o - a scroll of amnesia {unknown}
 p - a scroll of teleportation {unknown}
Potions
 d - a potion of might
 h - a potion of curing {unknown}
 q - a potion of cancellation {unknown}
Comestibles
 f - a bread ration
 l - 6 fruits


   Skills:
 + Level 3.9 Fighting
 + Level 3.6 Axes
 + Level 4.1 Armour
 + Level 1.3 Dodging
 + Level 4.4 Shields


You had 4 spell levels left.
You didn't know any spells.

Dungeon Overview and Level Annotations

Branches:
Dungeon (3/15)

Altars:

Annotations:
D:3 Grinder


Message History

Grinder is severely wounded.
Grinder blinks!
Grinder gestures at you. Pain shoots through your body!
You hit Grinder but do no damage.
Grinder is severely wounded.
Grinder gestures at you.
You suddenly lose the ability to move!
Grinder says, "Don't move a muscle."
Grinder hits you.
You writhe in agony.
* * * LOW HITPOINT WARNING * * *
Grinder hits you.
* * * LOW HITPOINT WARNING * * *
You writhe in agony.
* * * LOW HITPOINT WARNING * * *
Grinder hits you but does no damage. Grinder hits you!
* * * LOW HITPOINT WARNING * * *
You writhe in agony.
You die...

..# # #.##.#
#######..#.###
#............
#........#.#
#......)...#
#.......#..#
#.......# .#
#..@.<..# #
#..5....#
#.......#
+.......+
#.......#
+.......+
#..###++# ###


You could see Grinder.

Vanquished Creatures
  Terence (D:2)
  4 adders (D:2)
  An ooze (D:1)
  A worm (D:2)
  2 giant geckos (D:1)
  A ball python (D:1)
  4 giant cockroaches
  8 goblins
  9 hobgoblins
  5 bats
  2 giant newts
  9 kobolds
  5 rats
52 creatures vanquished.

Notes
Turn   | Place    | Note
--------------------------------------------------------------
     0 | D:1      | dvd the Hill Orc Fighter began the quest for the Orb.
     0 | D:1      | Reached XP level 1. HP: 19/19 MP: 1/1
    51 | D:1      | Reached XP level 2. HP: 16/27 MP: 2/2
   606 | D:1      | Reached XP level 3. HP: 26/33 MP: 3/3
  1039 | D:2      | Reached skill level 1 in Dodging
  1089 | D:2      | Noticed Terence
  1099 | D:2      | Killed Terence
  1099 | D:2      | Reached XP level 4. HP: 19/40 MP: 4/4
  1802 | D:2      | Reached XP level 5. HP: 42/46 MP: 5/5
  1971 | D:3      | Noticed Grinder
  1987 | D:3      | Paralysed by Grinder for 5 turns
  1991 | D:3      | HP: 2/46 [Grinder (7)]
  1991 | D:3      | Slain by Grinder

Vault maps used:
D:1:      matt_arrival_spirals
D:2:      uniq_terence
D:3:      gammafunk_temple_overflow_wave, first_bread,
          kennysheep_generic_room_12, uniq_grinder, uniq_crazy_yiuf_cottage

Skill      XL: |  1  2  3 |
---------------+----------+-----
Axes           | 3 |  3.6
Shields        | 4 |  4.4
Dodging        | 1 |  1.3
Armour         | 4 |  4.1
Fighting       | |  3.9

Action                   |  1- 3 |  4- 6 || total
-------------------------+-------+-------++-------
Melee: War axe           |   135 |    58 ||   193
  Eat: Chunk             |     1 |     3 ||     4
Armor: Scale mail        |    78 |    14 ||    92
Dodge: Dodged            |    47 |    22 ||    69
Block: Shield            |    73 |    29 ||   102
